 Dungeon Crawl Stone Soup version 0.28.0-43-g3370ac3207 (webtiles) character file.

Game seed: 2825135869938262662

907 Zeld the Magician (level 7, -5/36 HPs)
             Began as a Deep Elf Fire Elementalist on Mar 14, 2022.
             Was an Initiate of Vehumet.
             Slain by a boulder beetle (41 damage)
             ... on level 7 of the Dungeon.
             The game lasted 00:04:57 (6490 turns).

Zeld the Magician (Deep Elf Fire Elementalist)      Turns: 6490, Time: 00:04:58

Health: -5/36      AC:  3    Str:  5    XL:     7   Next: 81%
Magic:  18/18      EV: 13    Int: 22    God:    Vehumet [......]
Gold:   245        SH:  0    Dex: 15    Spells: 7/18 levels left

rFire   . . .      SeeInvis .   (no weapon)
rCold   . . .      Faith    .   (no shield)
rNeg    . . .      Spirit   .   a - +0 robe
rPois   .          Reflect  .   (no helmet)
rElec   .          Harm     .   m - +0 cloak
rCorr   .          Rampage  .   (no gloves)
Will    .....                   (no boots)
Stlth   +++.......              y - amulet of magic regeneration
HPRegen 0.12/turn               r - ring of wizardry
MPRegen 0.56/turn               (no ring)

@: no status effects
A: no striking features
a: Renounce Religion


You were on level 7 of the Dungeon.
You worshipped Vehumet.
Vehumet was noncommittal.
You visited 2 branches of the dungeon, and saw 8 of its levels.

You collected 245 gold pieces.

Inventory:

Armour
 a - a +0 robe (worn)
 m - a +0 cloak (worn)
Jewellery
 r - a ring of wizardry (left hand)
 y - an amulet of magic regeneration (around neck)
Wands
 s - a wand of acid (17)
 z - a wand of iceblast (8)
 A - a wand of charming (5)
Scrolls
 d - 3 scrolls of fog {unknown}
 k - a scroll of torment {unknown}
 l - 2 scrolls of blinking {unknown}
 o - a scroll of vulnerability {unknown}
 p - a scroll of magic mapping {unknown}
 u - 4 scrolls of teleportation {unknown}
 w - a scroll of noise {unknown}
 x - 2 scrolls of identify {unknown}
Potions
 b - 2 potions of invisibility {unknown}
 c - 5 potions of might {unknown}
 e - 2 potions of berserk rage {unknown}
 f - a potion of heal wounds {unknown}
 g - 2 potions of curing {unknown}
 h - 2 potions of resistance {unknown}
 i - a potion of ambrosia {unknown}
 j - a potion of flight {unknown}
 n - 2 potions of brilliance {unknown}
 q - 2 potions of haste {unknown}
 t - 2 potions of attraction {unknown}
 v - a potion of lignification {unknown}


   Skills:
 - Level 4.0 Dodging
 + Level 4.6 Stealth
 * Level 6.4 Spellcasting
 + Level 3.4 Conjurations
 * Level 5.7 Fire Magic
 * Level 3.9 Ice Magic


You had 7 spell levels left.
You knew the following spells:

 Your Spells              Type           Power      Damage    Failure   Level
a - Foxfire               Conj/Fire      100%       2x1d9     1%          1
b - Scorch                Fire           64%        2d8       1%          2
c - Flame Wave            Conj/Fire      27%        2d7       5%          4
d - Summon Ice Beast      Ice/Summ       15%        N/A       16%         4

Your spell library contained the following spells:

 Spells                   Type           Power      Damage    Failure   Level
 Conjure Flame            Conj/Fire      27%        6-21      1%          3
 Frozen Ramparts          Ice            48%        1d6       2%          3
 Sting                    Tmut/Pois      28%        1d4       3%          1
 Inner Flame              Hex/Fire       19%        N/A       3%          3
 Poisonous Vapours        Pois/Air       14%        N/A       5%          2
 Ice Form                 Ice/Tmut       15%        N/A       16%         4
 Olgreb's Toxic Radiance  Pois           7%         N/A       32%         4


Dungeon Overview and Level Annotations

Branches:
Dungeon (7/15)             Temple (1/1) D:5

Altars:
Ashenzari
Cheibriados
Dithmenos
Elyvilon
Fedhas
Gozag
Hepliaklqana
Kikubaaqudgha
Nemelex Xobeh
Okawaru
Qazlal
Ru
Sif Muna
Trog
Vehumet
Wu Jian
Yredelemnul
Zin
The Shining One


Message History

You kill the orc wizard!
Vehumet accepts your kill.
Unknown command.
Casting: Scorch (safe; 1% risk of failure)
Confirm with . or Enter, or press ? or * to list all spells.
You can't see any susceptible monsters within range! (Use Z to cast anyway.)
Casting: Scorch (safe; 1% risk of failure)
Confirm with . or Enter, or press ? or * to list all spells.
You can't see any susceptible monsters within range! (Use Z to cast anyway.)
Found a war axe and a quarterstaff.
Things that are here:
a +0 dagger; a +0 robe
Casting: Scorch (safe; 1% risk of failure)
Confirm with . or Enter, or press ? or * to list all spells.
Flames lash the orc wizard.
The orc wizard is heavily wounded.
The orc wizard's fire resistance burns away.
The orc wizard points at you and mumbles some strange words.
The puff of flame hits you!
Casting: Scorch (safe; 1% risk of failure)
Confirm with . or Enter, or press ? or * to list all spells.
Flames lash the orc wizard.
The orc wizard is burned terribly!
You kill the orc wizard!
Vehumet accepts your kill.
Magic restored.
HP restored.
Things that are here:
a +0 dagger; a +0 robe; an orc corpse
Things that are here:
a +0 hand axe; an orc corpse
c - 5 blue potions (gained 2)
A - a wand of charming (5)
b - 2 purple potions (gained 1)
Found an escape hatch in the ceiling.
x - 2 scrolls labelled GUEPAE IVAOTUT (gained 1)
A boulder beetle comes into view.
The boulder beetle curls into a ball and begins rolling!
The boulder beetle hits you!!!
Ouch! That really hurt!
You die...

.......................
....#.).).............
..# #....##...........
....#...)##....###....
....##.........###....
......................
..............####....
#)...........<.....#
#...........@...###
##..........B.......
##........○....#...
##......°.....# ..
##....°......# .
##..(..#....#
#......#....#
............#......
............###....


You could see a boulder beetle (rolling).

Vanquished Creatures
  A yak (D:4)
  A water moccasin (D:6)
  An ogre (D:6)
  A phantom (D:5)
  2 scorpions
  A howler monkey (D:6)
  A bullfrog zombie (D:6)
  2 hounds
  A jelly (D:6)
  A bullfrog skeleton (D:5)
  2 orc wizards (D:7)
  2 iguanas
  A gnoll (D:1)
  3 adders
  An ufetubus (D:5)
  A worm (D:4)
  6 orcs
  7 bats
  5 endoplasms
  3 giant cockroaches
  4 goblins
  3 hobgoblins
  A jackal (D:2)
  3 quokkas
  6 ball pythons
  8 frilled lizards
  4 kobolds
  7 rats
79 creatures vanquished.

Vanquished Creatures (others)
  152 foxfires
152 creatures vanquished.

Grand Total: 231 creatures vanquished

Notes
Turn   | Place    | Note
-------+----------+-------------------------------------------
     0 | D:1      | Zeld the Deep Elf Fire Elementalist began the quest for the
                  | Orb.
     0 | D:1      | Reached XP level 1. HP: 10/10 MP: 6/6
   232 | D:1      | Reached XP level 2. HP: 15/15 MP: 6/8
   235 | D:1      | Learned a level 2 spell: Scorch
   893 | D:2      | Reached XP level 3. HP: 19/19 MP: 6/10
  1402 | D:2      | Found a faded altar of an unknown god.
  2680 | D:3      | Found a basalt altar of Yredelemnul.
  2680 | D:3      | Found a snail-covered altar of Cheibriados.
  3156 | D:4      | Found a broken altar of Ashenzari.
  3184 | D:4      | Reached skill level 4 in Spellcasting
  3184 | D:4      | Reached XP level 4. HP: 21/24 MP: 8/12
  3250 | D:4      | Learned a level 4 spell: Flame Wave
  3255 | D:4      | Learned a level 4 spell: Summon Ice Beast
  3989 | D:5      | Entered Level 5 of the Dungeon
  3989 | D:5      | Noticed a scorpion
  3993 | D:5      | Killed a scorpion
  3994 | D:5      | Reached skill level 1 in Ice Magic
  3994 | D:5      | Reached XP level 5. HP: 23/28 MP: 4/13
  4080 | D:5      | Noticed a phantom
  4088 | D:5      | Killed a phantom
  4186 | D:5      | Found a sparkling altar of Nemelex Xobeh.
  4187 | D:5      | Found a sacrificial altar of Ru.
  4208 | D:5      | Reached XP level 6. HP: 32/32 MP: 6/15
  4384 | D:5      | Noticed a yak
  4384 | D:5      | Noticed a yak
  4395 | D:5      | Noticed a yak
  4397 | D:5      | Noticed a yak
  4774 | D:4      | Killed a yak
  4775 | D:4      | Reached skill level 5 in Spellcasting
  5137 | D:5      | Found a staircase to the Ecumenical Temple.
  5146 | Temple   | Entered the Ecumenical Temple
  5216 | Temple   | Became a worshipper of Vehumet
  5384 | D:6      | Reached skill level 5 in Fire Magic
  5384 | D:6      | Reached XP level 7. HP: 36/36 MP: 12/17
  5711 | D:6      | Found an ancient bone altar of Kikubaaqudgha.
  5790 | D:6      | Reached skill level 6 in Spellcasting
  6077 | D:6      | Found a shimmering blue altar of Sif Muna.
  6483 | D:7      | Noticed a boulder beetle
  6490 | D:7      | Slain by a boulder beetle

Illustrated notes

Levels and vault maps discovered:
D:1:      scummos_arrival_forest, layout_basic
D:2:      layout_basic, shapermc_ecumenical_altar_acropolis, kennysheep_potato
D:3:      kennysheep_big_flooded_room, layout_basic,
          gammafunk_temple_overflow_statue
D:4:      layout_loops_corners, nicolae_ashenzari_panopticon
D:5:      layout_basic, mainiacjoe_overflow_catwalk_spiral,
          minmay_temple_entry_antechambers
D:6:      layout_loops_corners, mainiacjoe_overflow_small_starburst,
          mainiacjoe_overflow_concentric_impassable, minmay_misc_feat_columns,
          nrook_campfire
D:7:      cheibrodos_wizards_tower, layout_basic, nicolae_uskayaw_dance_studio,
          nrook_mini_backslash, chequers_arboretum, st_stairs_14
Temple:   nicolae_temple_hex_pool

Skill      XL: |  1  2  3  4  5  6  7 |
---------------+----------------------+-----
Dodging        | 3 4 |  4.0
Stealth        | 3 4 |  4.6
Conjurations   | 2 3 |  3.4
Spellcasting   | 4 5 6 |  6.4
Fire Magic     | 4 5 |  5.7
Ice Magic      | 1 2 3 |  3.9

Action                   |  1- 3 |  4- 6 |  7- 9 || total
-------------------------+-------+-------+-------++-------
 Cast: Foxfire           |    70 |    21 |       ||    91
       Scorch            |     6 |    26 |    31 ||    63
Armor: Robe              |     6 |     2 |       ||     8
Dodge: Dodged            |    22 |    12 |     5 ||    39
